 Dungeon Crawl Stone Soup version 0.22-a0-897-g1b7a381375 (webtiles) character file.

3668 Mirvelgyr the Cleaver (level 9, -1/76 HPs)
             Began as a Deep Dwarf Fighter on July 31, 2018.
             Was a Priest of Makhleb.
             Slain by an orc knight
             ... wielding a +0 glaive
              (5 damage)
             ... in a bailey.
             The game lasted 00:09:47 (5569 turns).

Mirvelgyr the Cleaver (Deep Dwarf Fighter)          Turns: 5569, Time: 00:09:47

Health: -1/76      AC: 11    Str: 21 (23) XL:     9   Next: 89%
Magic:  4/4        EV:  4    Int:  7 (9)  God:    Makhleb [***...]
Gold:   311        SH:  9    Dex:  9 (12) Spells: 8/8 levels left

rFire    + . .     SeeInvis +   a - +0 war axe
rCold    . . .     Gourm    .   c - +0 shield
rNeg     . . .     Faith    .   u - +0 plate armour
rPois    .         Spirit   .   (no helmet)
rElec    .         Reflect  .   (no cloak)
rCorr    .         Harm     .   (no gloves)
MR       +....                  (no boots)
Stlth    ..........             (no amulet)
HPRegen  0.00/turn              F - ring of protection from fire
MPRegen  0.09/turn              y - ring of see invisible

@: non-regenerating
A: damage resistance, heal wounds, sense surroundings 2, no regeneration
a: Heal Wounds, Minor Destruction, Lesser Servant of Makhleb, Renounce Religion


You were in a bailey.
You worshipped Makhleb.
Makhleb was most pleased with you.
You were not hungry.

You visited 1 branch of the dungeon, and saw 8 of its levels.
You also visited: Bailey.

You collected 311 gold pieces.

Inventory:

Hand Weapons
 a - a +0 war axe (weapon)
Armour
 c - a +0 shield (worn)
 u - a +0 plate armour (worn)
Jewellery
 y - a ring of see invisible (right hand)
 F - a ring of protection from fire (left hand)
Wands
 D - a wand of flame (16)
 G - a wand of disintegration (14)
Scrolls
 b - a scroll of fear
 e - 3 scrolls of remove curse
 g - 2 scrolls of blinking
 m - 2 scrolls of enchant armour
 o - 2 scrolls of fog
 p - 2 scrolls of amnesia
 s - 5 scrolls of teleportation
 t - 3 scrolls of immolation
 E - 3 scrolls of enchant weapon
Potions
 d - a potion of might
 h - 6 potions of curing
 i - a potion of cancellation {unknown}
 l - 5 potions of resistance {unknown}
 n - a potion of agility {unknown}
 r - 3 potions of berserk rage {unknown}
 x - 3 potions of haste {unknown}
 z - 3 potions of invisibility {unknown}
 A - 2 potions of brilliance {unknown}
 C - a potion of heal wounds {unknown}
Comestibles
 f - 7 rations
 j - 14 chunks of flesh


   Skills:
 - Level 3.4 Fighting
 + Level 14.3 Axes
 - Level 4.1 Armour
 - Level 4.1 Shields


You had 8 spell levels left.
You didn't know any spells.
Your spell library was empty.

Dungeon Overview and Level Annotations

Branches:
Dungeon (8/15)             Temple (0/1) D:6
   Lair: D:8-11

Altars:
Ashenzari
Cheibriados
Dithmenos
Fedhas
Kikubaaqudgha
Makhleb
Nemelex Xobeh
Qazlal
Zin


Innate Abilities, Weirdness & Mutations

You are resistant to damage.
You can heal yourself by infusing magical energy.
You passively map the area around you.
You do not regenerate.


Message History

The orc knight is lightly wounded.
The orc knight hits you from afar with a halberd!!
The orc knight roars a battlecry!
The orc knight goes into a battle-frenzy!
You hit the orc knight.
The orc knight is lightly wounded.
The orc knight hits you with a glaive! You block the orc knight's attack.
You closely miss the orc knight.
The orc knight is lightly wounded.
The orc warrior seems to regain its courage.
The orc knight hits you with a glaive!!
* * * LOW HITPOINT WARNING * * *
You closely miss the orc knight.
The orc knight is lightly wounded.
You block the orc knight's attack.
You closely miss the orc knight.
The orc knight is lightly wounded.
The orc knight hits you from afar with a halberd.
The orc knight hits you with a glaive.
You die...

#.≈..##### ,,##.......
#.≈.#####* ####+###########
#.≈.##.$$ ,##.........##.....
#.≈..##,, ##..§§≈§≈≈≈..#'.).#
#.≈≈..##,##..≈≈.....≈≈..##.##
#∩.≈≈..# #..≈≈...⌠...≈§..#'#.
##.≈≈..# #..≈≈o§⌠§⌠..≈≈..#'#.
#.≈≈o.## *#o.≈≈o...§≈≈..##.##
#.≈..## #@.≈≈≈§≈§≈..##...#
#.≈.##, , ##....§....##.....
#.≈.#############'###'#######
#.≈.........o##..!..##.......
#.≈≈≈≈≈≈≈≈≈≈..##.∩.##).≈≈≈≈≈≈
#..........≈≈..##.##).≈≈.....
##########..≈≈..###..≈≈..####
##..≈≈.....≈≈..##
##..≈≈≈≈≈≈≈..##


You could see 2 orc knights and an orc warrior.

Vanquished Creatures
  Grinder (D:5)
  Sigmund (D:5)
  A hungry ghost (D:7)
  Edmund (D:4)
  Menkaure (D:6)
  A water moccasin (D:8)
  2 orc warriors
  2 ice beasts
  A phantom (D:6)
  2 sky beasts
  4 ogres
  A centaur (D:7)
  3 bullfrogs
  Blork the orc (D:5)
  A scorpion (D:6)
  A water moccasin skeleton (D:6)
  4 killer bees (D:7)
  5 wights (D:7)
  A crimson imp (D:8)
  3 jellies
  6 orc priests
  4 hounds
  3 worker ants
  3 iguanas
  9 orc wizards
  8 adders
  2 shadow imps
  2 oozes
  2 worms
  3 dart slugs
  6 leopard geckos
  44 orcs
  2 ball pythons
  7 bats
  8 giant cockroaches
  16 goblins
  8 hobgoblins
  10 jackals
  3 quokkas
  4 frilled lizards
  6 kobolds
  A leopard gecko skeleton (D:6)
  A quokka skeleton (D:8)
  5 rats
200 creatures vanquished.

Notes
Turn   | Place    | Note
-------+----------+-------------------------------------------
     0 | D:1      | Mirvelgyr the Deep Dwarf Fighter began the quest for the Orb.
     0 | D:1      | Reached XP level 1. HP: 20/20 MP: 1/1
    76 | D:1      | Reached XP level 2. HP: 27/27 MP: 2/2
   330 | D:1      | Reached XP level 3. HP: 27/34 MP: 3/3
   935 | D:2      | Reached skill level 3 in Axes
   957 | D:2      | Reached XP level 4. HP: 31/42 MP: 4/4
  1987 | D:3      | You fall through a shaft for 2 floors!
  1987 | D:5      | Entered Level 5 of the Dungeon
  1987 | D:5      | Noticed Blork the orc
  2008 | D:5      | Killed Blork the orc
  2008 | D:5      | Reached skill level 4 in Axes
  2008 | D:5      | Reached XP level 5. HP: 21/49 MP: 5/5
  2028 | D:5      | Reached skill level 5 in Axes
  2068 | D:4      | Noticed an ogre
  2075 | D:4      | Killed an ogre
  2075 | D:4      | Reached skill level 6 in Axes
  2075 | D:4      | Reached XP level 6. HP: 38/56 MP: 5/5
  2712 | D:4      | Noticed Edmund
  2730 | D:4      | Killed Edmund
  2730 | D:4      | Reached skill level 7 in Axes
  2730 | D:4      | Reached XP level 7. HP: 22/62 MP: 6/6
  2803 | D:4      | Found a burning altar of Makhleb.
  2812 | D:4      | Became a worshipper of Makhleb the Destroyer
  3063 | D:5      | Reached skill level 8 in Axes
  3179 | D:5      | Found a glowing silver altar of Zin.
  3179 | D:5      | Found an ancient bone altar of Kikubaaqudgha.
  3182 | D:5      | Found a snail-covered altar of Cheibriados.
  3187 | D:5      | Noticed Sigmund
  3194 | D:5      | Killed Sigmund
  3307 | D:5      | Reached skill level 9 in Axes
  3456 | D:5      | Found a stormy altar of Qazlal.
  3542 | D:5      | Reached XP level 8. HP: 32/69 MP: 6/6
  3548 | D:5      | Noticed Grinder
  3554 | D:5      | Paralysed by Grinder for 3 turns
  3590 | D:5      | Killed Grinder
  3590 | D:5      | Reached skill level 10 in Axes
  3982 | D:6      | Found a staircase to the Ecumenical Temple.
  3992 | D:6      | Noticed Menkaure
  4003 | D:6      | Killed Menkaure
  4003 | D:6      | Reached skill level 11 in Axes
  4015 | D:6      | Reached * piety under Makhleb
  4240 | D:6      | Found a sparkling altar of Nemelex Xobeh.
  4284 | D:6      | Found a shadowy altar of Dithmenos.
  4425 | D:6      | Reached skill level 12 in Axes
  4425 | D:6      | Gained mutation: You passively map the area around you. [Deep Dwarf growth]
  4425 | D:6      | Reached XP level 9. HP: 56/76 MP: 4/4
  4708 | D:6      | Found a blossoming altar of Fedhas.
  4772 | D:7      | Reached ** piety under Makhleb
  4872 | D:7      | Reached skill level 13 in Axes
  4988 | D:7      | Found a shattered altar of Ashenzari.
  5221 | D:8      | Reached skill level 14 in Axes
  5261 | D:8      | Reached *** piety under Makhleb
  5273 | D:8      | Found a flagged portal.
  5282 | Bailey   | Entered a bailey
  5455 | Bailey   | Noticed an orc knight
  5556 | Bailey   | Noticed an orc knight
  5569 | Bailey   | Slain by an orc knight

Vault maps used:
D:1:      sevenhm_arrival_forest_fort_small_4, minmay_tetromino_s4
D:4:      makhleb_blood_cavern_becter, uniq_edmund
D:5:      gammafunk_temple_overflow_forgotten, basic_altar, serial_glass,
          glass_columns_c, glass_columns_c, glass_columns_a, glass_columns_a,
          glass_columns_b, first_ration, uniq_blork_the_orc, uniq_grinder,
          uniq_sigmund
D:6:      kennysheep_mini, nicolae_dithmenos_through_a_glass_darkly,
          minmay_temple_entry_overgrown, hex_tiny, st_stairs_11, fedhas_altar_4,
          uniq_menkaure
D:7:      kennysheep_little_box
D:8:      lemuel_coloured_pillars_altar, enter_bailey_3, serial_shops, shop
Bailey:   bailey_polearm_1, bailey

Skill      XL: |  1  2  3  4  5  6  7  8  9 |
---------------+----------------------------+-----
Fighting       | 3 |  3.4
Axes           | 3 4 6 7 9 12 14 | 14.3
Armour         | 4 |  4.1
Shields        | 4 |  4.1

Action                   |  1- 3 |  4- 6 |  7- 9 || total
-------------------------+-------+-------+-------++-------
Melee: War axe           |    99 |   228 |   441 ||   768
Invok: Minor Destruction |       |       |     5 ||     5
 Abil: Heal Wounds       |       |     4 |    19 ||    23
  Use: Scroll            |       |       |    16 ||    16
       Potion            |       |       |     3 ||     3
  Eat: Chunk             |       |     7 |    16 ||    23
Armor: Scale mail        |    40 |    13 |       ||    53
       Plate armour      |       |   135 |   270 ||   405
Dodge: Dodged            |    31 |    47 |    78 ||   156
Block: Shield            |    47 |   119 |   235 ||   401

Table legend:
 A = Spawn XP
 B = Non-spawn XP
 C = Spawn XP percentage of total XP
 D = Spawn monster count
 E = Non-spawn monster count
 F = Spawn count percentage of total count
 G = Total turns spent on level
                    A         B        C        D         E        F      G
               +---------+---------+-------+---------+---------+-------+---------
         Total |       0 |    5241 |   0.0 |       0 |     200 |   0.0 |  5569
               +---------+---------+-------+---------+---------+-------+---------
           D:1 |       0 |      48 |   0.0 |       0 |      27 |   0.0 |   734
           D:2 |       0 |      88 |   0.0 |       0 |      23 |   0.0 |   878
           D:3 |       0 |      68 |   0.0 |       0 |      17 |   0.0 |   666
           D:4 |       0 |     466 |   0.0 |       0 |      12 |   0.0 |   681
           D:5 |       0 |    1068 |   0.0 |       0 |      18 |   0.0 |   819
           D:6 |       0 |    1231 |   0.0 |       0 |      43 |   0.0 |   967
           D:7 |       0 |    1730 |   0.0 |       0 |      40 |   0.0 |   469
           D:8 |       0 |     379 |   0.0 |       0 |       9 |   0.0 |    68
        Bailey |       0 |     163 |   0.0 |       0 |      11 |   0.0 |   287
               +---------+---------+-------+---------+---------+-------+---------
